[Event "Early-Titled-Tuesday-Blitz-August-29-2023"]
[Site "Chess.com"]
[Date "2023.08.29"]
[Round "11"]
[White "AlexandraSamaganova"]
[Black "CraiggoryC"]
[Result "0-1"]
[WhiteElo "2310"]
[BlackElo "2216"]
[TimeControl "180+1"]
[EndTime "10:04:07 PDT"]
[Termination "CraiggoryC won on time"]

1. c4 e6 2. Nc3 d5 3. e3 Nf6 4.
Nf3 c5 5. d4 Nc6 6. cxd5 exd5 7. Bd3 Be7 8. O-O O-O 9. h3 b6 10.
b3 Re8 11. Bb2 cxd4 12. Nxd4 Nxd4 13. exd4 Bd6 14. Re1 Rxe1+ 15. Qxe1 Be6 16. Rc1 Rc8 17. Qe3 Bb8 18. Ne2 Rxc1+ 19. Qxc1 Qd6 20. f4 Ne4 21. Ba3 Qc7 22. Qxc7 Bxc7 23. Bxe4 dxe4 24. Nc3 Bxf4 25. Nxe4 Be3+ 26. Kf1 Bxd4 27. Bd6 h6 28. Bb8 a6 29. Ba7 Kf8 30. Nd2 Ke7 31. Ke2 Bd5 32. g3 Kd7 33.
Bb8 Kc6 34. h4 Bc5 35. Be5 f6 36. Bc3 h5 37. b4 Be7 38. a4 g6 39. Kd3 f5 40.
Nf1 b5 41. axb5+ axb5 42. Ne3 Be6 43. Nc2 Bc4+ 44. Ke3 Bd6 45. Be1 Kd5 46. Nd4 Be5 47. Nf3 Bf6 48. Nd2 Ba2 49. Nf3 Bc4 50. Nd2 Ba2 51. Nf3 Bb1 52. Nd2 Be4 53. Nb3 Kc4 54.
Nc5 Bc3 55. Na6 Bxe1 0-1

[Event "Early-Titled-Tuesday-Blitz-August-29-2023"]
[Site "Chess.com"]
[Date "2023.08.29"]
[Round "11"]
[White "VladimirKramnik"]
[Black "Oleksandr_Bortnyk"]
[Result "0-1"]
[WhiteElo "2956"]
[BlackElo "3048"]
[TimeControl "180+1"]
[EndTime "10:04:08 PDT"]
[Termination "Oleksandr_Bortnyk won on time"]

1. d4 d6 2. e4 Nf6 3. Nc3 Nbd7 4. f4 e5 5. Nf3 exd4 6. Qxd4 c6 7. Be3 d5 8. e5 Bc5 9. Qd2 Bxe3 10. Qxe3 Ng4 11. Qd4 Qb6 12. Qxb6 axb6 13. Bd3 Nc5 14. h3 Ne3 15. Kf2 Nxd3+ 16. cxd3 Nc2 17. Rac1 Nb4 18. Rhd1 Nxa2 19. Ra1 Nxc3 20. bxc3 Rxa1 21. Rxa1 Ke7 22. Ra8 f6 23. d4 Rf8 24. Ke3 Bf5 25. Ra7 Rb8 26. g4 Bc2 27. f5 Kd7 28. Kf4 Bd3 29. Ra2 c5 30. h4 h6 31. Rb2 Kc6 32. g5 hxg5+ 33. hxg5 fxg5+ 34. Kxg5 Rf8 35. Nh4 b5 36. dxc5 Kxc5 37. Kg6 Rh8 38. Rh2 Re8 39. Nf3 Be4 40. Rf2 Kc4 41. Nd2+ Kxc3 42. Nxe4+ dxe4 43. e6 e3 44. Rh2 Re7 45. f6 Rxe6 46. Kxg7 e2 47. f7 e1=Q 48. Rh3+ Kc4 49. f8=Q Qe5+ 50. Kg8 Re8 0-1

[Event "Early-Titled-Tuesday-Blitz-August-29-2023"]
[Site "Chess.com"]
[Date "2023.08.29"]
[Round "11"]
[White "nassimzrikem"]
[Black "Chessdreamer2020"]
[Result "0-1"]
[WhiteElo "2130"]
[BlackElo "2542"]
[TimeControl "180+1"]
[EndTime "10:04:09 PDT"]
[Termination "Chessdreamer2020 won on time"]

1. d4 d6 2. e4 Nf6 3. Nc3 c6 4. f3 d5 5. e5 Ng8 6. Nce2 h5 7. c3 g6 8. Nf4 e6 9. Qc2 Ne7 10. h4 b6 11. Bd3 Ba6 12. Ngh3 Bxd3 13. Qxd3 Bh6 14.
Ng5 Qc8 15. g4 hxg4 16. Ngxe6 fxe6 17. Nxg6 Bxc1 18. Nxh8 Bxb2 19. Rb1 Ba3 20. h5 Qa6 21. Kd2 Qxd3+ 22. Kxd3 gxf3 23. h6 Nd7 24. h7 Nf8 25. Nf7 Neg6 26. h8=Q Nxh8 27. Nxh8 c5 28. Rbf1 cxd4 29.
cxd4 Rc8 30. Rxf3 Bb2 31. Rhf1 Rc3+ 32. Kd2 Rxf3 33. Rxf3 Bxd4 34. Nf7 Nd7 35. Nd6+ Kd8 36. Nb5 Bxe5 37. Nxa7 Kc7 38. Rf7 Bg3 39. a4 e5 40.
Rg7 Bf4+ 41. Kd3 Kd6 42. Nb5+ Kc6 43. Rg6+ Kb7 44. Ke2 Nc5 45. Rg7+ Kb8 46. Rg8+ Kb7 47. Rg7+ Kc8 48. Rc7+ Kb8 49. Rf7 d4 50. Rf8+ Kb7 51. Rf7+ Kc8 52. Nd6+ Kb8 53. Nc4 d3+ 54. Kd1 Nxa4 55.
Rf6 Kb7 56. Re6 e4 57. Rxe4 Nc3+ 0-1

[Event "Early-Titled-Tuesday-Blitz-August-29-2023"]
[Site "Chess.com"]
[Date "2023.08.29"]
[Round "11"]
[White "LangesNasenhaar"]
[Black "Goryachkina"]
[Result "0-1"]
[WhiteElo "2480"]
[BlackElo "2642"]
[TimeControl "180+1"]
[EndTime "10:04:11 PDT"]
[Termination "Goryachkina won by resignation"]

1. d4 Nf6 2. Nc3 e6 3. e4 d5 4. Qd3 Bb4 5. e5 Nfd7 6. a3 Be7 7. Qg3 g6 8. h4 c5 9. dxc5 Nc6 10.
h5 g5 11. Bb5 h6 12. f4 Nxc5 13. Nf3 d4 14. Bxc6+ bxc6 15. Ne2 d3 16. Ned4 Ne4 17. Qh2 d2+ 18. Bxd2 Nxd2 19. O-O-O Nxf3 20. gxf3 Qb6 21. fxg5 c5 22. Nb3 Bxg5+ 23. f4 Be7 24. Qg2 Rb8 25. Qg7 Rf8 26. Rh3 c4 27. Qxh6 Bd7 28. Qg7 Qf2 29. h6 Qxf4+ 30. Nd2 Qg5 31. Qxg5 Bxg5 32. h7 Rh8 33. Rg1 Bxd2+ 34. Kxd2 Ke7 35. Kc3 Bc6 36. Rg7 Be4 37. Rh4 Bg6 38. Rxc4 Kf8 39. Rg8+ Rxg8 40. hxg8=Q+ Kxg8 41. Rc7 a5 42. b4 axb4+ 43. axb4 Rb5 44. Kb3 Rxe5 45. c4 Be4 46. b5 f5 47. c5 f4 48. Kb4 f3 49. Rc8+ Kg7 50. Rc7+ Kg6 51. Rc8 f2 52. Rf8 Bf5 53. Rg8+ Kf7 0-1

[Event "Early-Titled-Tuesday-Blitz-August-29-2023"]
[Site "Chess.com"]
[Date "2023.08.29"]
[Round "11"]
[White "Gauravthegm"]
[Black "Semetey"]
[Result "0-1"]
[WhiteElo "2427"]
[BlackElo "2597"]
[TimeControl "180+1"]
[EndTime "10:04:13 PDT"]
[Termination "Semetey won by resignation"]

1. Nf3 d5 2. c4 e6 3. d4 Nf6 4. g3 Bb4+ 5. Bd2 Be7 6. Bg2 O-O 7.
O-O dxc4 8. Qc2 b5 9. a4 c6 10.
Ne5 Nd5 11. b3 cxb3 12. Qxb3 a6 13. Rc1 Bb7 14. e4 Nb6 15. a5 N6d7 16. Nd3 c5 17. dxc5 Nc6 18. Bc3 Rc8 19. Nd2 Nxc5 20. Nxc5 Bxc5 21.
Qb2 Nd4 22. Nf3 Nxf3+ 23. Bxf3 f6 24. Rd1 Qe7 25. Qb3 Kh8 26. Bg4 Rfe8 27. Re1 Rcd8 28. Rac1 e5 29. Rc2 Rd3 30. Qb1 Red8 31. Kg2 b4 32. Ba1 b3 33. Rc3 Rd2 34. Qxb3 Bxf2 35. Re2 Rxe2 36. Bxe2 Bd4 37. Rc1 Bxe4+ 38. Bf3 Bxf3+ 39.
Qxf3 Bxa1 40. Rxa1 h6 41. Rb1 e4 42. Qe3 Rd3 43. Rb8+ Kh7 44. Qb6 Rd2+ 45. Kf1 Qe5 46. Qe3 Qa1+ 47. Qe1 Rd1 0-1

[Event "Early-Titled-Tuesday-Blitz-August-29-2023"]
[Site "Chess.com"]
[Date "2023.08.29"]
[Round "11"]
[White "Fleetw00dMac"]
[Black "FARIZA2018"]
[Result "1-0"]
[WhiteElo "2442"]
[BlackElo "2523"]
[TimeControl "180+1"]
[EndTime "10:04:14 PDT"]
[Termination "Fleetw00dMac won on time"]

1. d4 Nf6 2. c4 e6 3. Nc3 d5 4. cxd5 exd5 5. Bg5 Be7 6. e3 O-O 7. Qc2 c6 8. Bd3 h6 9. Bh4 Be6 10. Nge2 Nbd7 11. O-O Rc8 12. Rad1 Ne8 13. Bg3 Bd6 14. Nf4 Qe7 15. Rfe1 Nef6 16. Nxe6 fxe6 17. e4 Bxg3 18.
hxg3 Qf7 19. exd5 cxd5 20. Qe2 Rce8 21. Nb5 Qe7 22. Nc7 Rc8 23. Qxe6+ Qxe6 24. Nxe6 Rfe8 25. Bg6 Re7 26. Nf4 Kf8 27. Rxe7 Kxe7 28. Re1+ Kd6 29. Re6+ Kc7 30. Re7 Kd6 31. Re6+ Kc7 32. f3 a6 33.
Re7 Kd6 34. Rxg7 Rc1+ 35. Kh2 Rd1 36. Bf5 Rxd4 37. Rg6 Ke5 38. Bxd7 Nxd7 39. Rxh6 Rd2 40. Re6+ Kf5 41. Re7 Ne5 42. Kh3 Rd1 43. Kh2 Rd2 44.
Kg1 b5 45. b4 d4 46. Re6 Rxa2 47. Rd6 Ra1+ 48. Kf2 Ra2+ 49. Kf1 Ra1+ 50. Kf2 Ra2+ 51. Kg1 d3 52. Nxd3 Rd2 53. g4+ Kg5 54. f4+ Kxg4 55.
fxe5 Kg3 56. Rg6+ Kh4 57. Nf4 Rd1+ 58. Kh2 Rd2 59. e6 a5 60. e7 1-0

[Event "Early-Titled-Tuesday-Blitz-August-29-2023"]
[Site "Chess.com"]
[Date "2023.08.29"]
[Round "11"]
[White "Dewarfd"]
[Black "queen_iryna"]
[Result "0-1"]
[WhiteElo "2204"]
[BlackElo "2334"]
[TimeControl "180+1"]
[EndTime "10:04:14 PDT"]
[Termination "queen_iryna won by checkmate"]

1. d4 d6 2. e3 g6 3. Nf3 Bg7 4. Be2 Nf6 5. b4 O-O 6. Bb2 a5 7. b5 c6 8. a4 cxb5 9. axb5 b6 10. c4 Bb7 11. O-O Nbd7 12. Nc3 d5 13. c5 bxc5 14.
dxc5 Nxc5 15. Nd4 Nfe4 16. Nxe4 Nxe4 17. Qb3 e5 18. Nf3 d4 19. Rfd1 Ng5 20. exd4 Nxf3+ 21. Bxf3 Bxf3 22. Qxf3 exd4 23. Ra4 Qb6 24. Bxd4 Bxd4 25. Raxd4 Qxb5 26. Rd5 Qb7 27. h4 a4 28. h5 Qe7 29.
h6 Qh4 30. Rd7 Rab8 31. Qe3 Rbe8 32. Qd2 Ra8 33. g3 Qf6 34. Rd6 Qe5 35. Re1 Qh8 36. Re7 a3 37. Qa2 Qb2 38. Qd5 a2 39. Rxf7 a1=Q+ 40. Kh2 Rxf7 41. Rd8+ Rxd8 42. Qxd8+ Rf8 43. Qd5+ Kh8 44.
Qc5 Qxf2+ 45. Kh3 Qxc5 46. Kg4 Qf5+ 47. Kh4 Qh5# 0-1

[Event "Early-Titled-Tuesday-Blitz-August-29-2023"]
[Site "Chess.com"]
[Date "2023.08.29"]
[Round "11"]
[White "Mmukka"]
[Black "AdvanceGuard4"]
[Result "0-1"]
[WhiteElo "2439"]
[BlackElo "2626"]
[TimeControl "180+1"]
[EndTime "10:04:16 PDT"]
[Termination "AdvanceGuard4 won on time"]

1. e4 c6 2. d4 d5 3. exd5 cxd5 4. Bd3 Nf6 5. h3 Nc6 6. c3 g6 7. Bf4 Bg7 8. Nf3 O-O 9. O-O Nh5 10. Bh2 Bh6 11.
Re1 Nf4 12. Bf1 Bf5 13. g4 Bxb1 14. Rxb1 Ne6 15. b4 Bf4 16. Bxf4 Nxf4 17. Qd2 Qd6 18. Ne5 g5 19. Nd3 Ne6 20. Bg2 h6 21. a4 b6 22.
Qa2 Rad8 23. a5 Kg7 24. axb6 axb6 25. b5 Na5 26. Re5 Nc7 27. Qe2 e6 28. Qd2 f6 29.
Re2 Nc4 30. Qe1 Ra8 31. h4 Ra5 32. Nb4 Rxb5 33. h5 Ra5 34. Qd1 Qd7 35. Qd3 Qf7 36.
Nc6 Ra3 37. Rbe1 Rfa8 38. Nb4 Ra1 39. Kh2 Rxe1 40. Rxe1 Re8 41. Qg3 Qd7 42. Qd3 Qd6+ 43. Kh3 f5 44. gxf5 exf5 45. Qxf5 Rxe1 46. Nxd5 Qe6 47. Qxe6 Nxe6 48. Ne7 Nf4+ 49. Kg3 Rxe7 0-1

[Event "Early-Titled-Tuesday-Blitz-August-29-2023"]
[Site "Chess.com"]
[Date "2023.08.29"]
[Round "11"]
[White "abhidabhi"]
[Black "KNVB"]
[Result "1-0"]
[WhiteElo "2907"]
[BlackElo "2780"]
[TimeControl "180+1"]
[EndTime "10:04:19 PDT"]
[Termination "abhidabhi won on time"]

1. Nf3 b6 2. g3 Bb7 3. Bg2 c5 4. O-O Nf6 5. d3 d5 6. e4 dxe4 7. Nfd2 e6 8. Nc3 Be7 9. Ndxe4 Nc6 10. Nxf6+ Bxf6 11. Ne4 Be7 12. Be3 O-O 13. c3 Qd7 14. Qe2 Rad8 15. Rfd1 Ba6 16. Ng5 h6 17. Nh3 Qc7 18. Nf4 Ne5 19. a4 Rfe8 20. a5 Bb7 21.
axb6 axb6 22. Ra7 Nc6 23. Raa1 Bf8 24. Qh5 Ra8 25. Rxa8 Rxa8 26. d4 cxd4 27. cxd4 Ra5 28. d5 Nb4 29. Bd2 exd5 30. Bxb4 Bxb4 31. Nxd5 Bxd5 32. Bxd5 Qe7 33. Qf3 g6 34. h4 h5 35. Kg2 Kg7 36. Rd4 Bc5 37. Rf4 f5 38.
Qc3+ Qf6 39. Qc4 Ra7 40. b4 Bd6 41. Rd4 Rc7 42. Qd3 Be5 43. Rc4 Rxc4 44. Qxc4 f4 45. b5 fxg3 46. fxg3 Bd6 47. Qd3 Qe5 48. Be4 Qb2+ 49.
Kh3 Qf6 50. Qe3 Qe6+ 51. Kg2 Bc5 52. Qf3 Qe5 53. Bd5 Bd6 54. Qf7+ Kh6 55. Qf3 Qb2+ 56.
Kh3 Qe5 57. Be4 Bc7 58. Qd3 1-0

[Event "Early-Titled-Tuesday-Blitz-August-29-2023"]
[Site "Chess.com"]
[Date "2023.08.29"]
[Round "11"]
[White "FairChess_on_YouTube"]
[Black "snowlord"]
[Result "1-0"]
[WhiteElo "3054"]
[BlackElo "2914"]
[TimeControl "180+1"]
[EndTime "10:04:23 PDT"]
[Termination "FairChess_on_YouTube won by checkmate"]

1. d4 d5 2. Nf3 Nf6 3. c4 c6 4. e3 Bf5 5. Nc3 e6 6. Nh4 Be4 7. f3 Bg6 8. Qb3 Qc7 9. Bd2 Be7 10. cxd5 cxd5 11. O-O-O Nc6 12. Nxg6 hxg6 13. Kb1 a6 14. Rc1 Rc8 15. Bd3 Nd7 16. h4 b5 17.
Ne2 Nb6 18. Qd1 Nc4 19. e4 Qb6 20. exd5 exd5 21. Bxc4 bxc4 22. Bc3 Bd6 23. Qd2 Ne7 24. Rce1 Kd7 25. h5 gxh5 26. Qg5 g6 27. Qf6 Rhf8 28.
Nf4 Qc6 29. g4 Rce8 30. gxh5 Bc7 31. Qg5 gxh5 32. Nxh5 Qg6+ 33. Qxg6 fxg6 34. Ng7 Rc8 35. Ne6 Rf7 36. Nc5+ Kc6 37. Nxa6 Bd6 38. Nb4+ Kd7 39. a4 Rxf3 40. Rh7 Kd8 41. Re6 Kd7 42. Rxg6 Rf1+ 43. Kc2 Rf5 44. Na6 Rf2+ 45. Kb1 Rcf8 46. Nc5+ Bxc5 47. dxc5 Rf1+ 48. Ka2 R8f7 49. Rd6+ Kc7 50.
Ba5+ Kb7 51. Rd7+ Ka6 52. Bb6 Rxh7 53. Ra7# 1-0

[Event "Early-Titled-Tuesday-Blitz-August-29-2023"]
[Site "Chess.com"]
[Date "2023.08.29"]
[Round "11"]
[White "tteshan"]
[Black "alturas_pacificas"]
[Result "1-0"]
[WhiteElo "2560"]
[BlackElo "2387"]
[TimeControl "180+1"]
[EndTime "10:04:26 PDT"]
[Termination "tteshan won by resignation"]

1. e4 e5 2. Nf3 Nf6 3. Nxe5 d6 4.
Nf3 Nxe4 5. d4 d5 6. Bd3 Bd6 7. O-O O-O 8. Re1 Bf5 9. Nbd2 Re8 10. Nf1 Bg6 11. Ng3 Nxg3 12. hxg3 Nd7 13. Bg5 Be7 14.
Bf4 c6 15. Qd2 Qb6 16. Re2 Bb4 17. c3 Rxe2 18. Qxe2 Bf8 19. Bxg6 hxg6 20. Re1 Nf6 21. Be5 Re8 22. Qc2 Nd7 23. g4 Qd8 24. Qd2 Nxe5 25. dxe5 Bc5 26. Qd3 Qd7 27. Nh2 b5 28. Qf3 d4 29. cxd4 Bxd4 30. Rd1 Rxe5 31. Nf1 Qd5 32. Qxd5 Rxd5 33. Rd2 f5 34. gxf5 gxf5 35. Re2 Kf7 36. Ng3 g6 37. Rc2 c5 38. Kf1 Ke6 39. Ne2 Be5 40.
Ke1 c4 41. Ng1 g5 42. Nf3 g4 43. Nd2 Bf4 44. Nf1 a6 45. Ke2 Kd6 46. f3 g3 47.
Rc3 Kc5 48. Rc2 a5 49. Rc3 b4 50. Rc2 Rd4 51. Ne3 Bxe3 52. Kxe3 f4+ 53. Ke2 a4 54. Rc1 Rd3 55. Rc2 a3 56. b3 Rxb3 57. axb3 a2 58. Rxa2 cxb3 59. Rb2 Kc4 60. Kd2 1-0

[Event "Early-Titled-Tuesday-Blitz-August-29-2023"]
[Site "Chess.com"]
[Date "2023.08.29"]
[Round "11"]
[White "tptagain"]
[Black "Vuk2000"]
[Result "1-0"]
[WhiteElo "2894"]
[BlackElo "2745"]
[TimeControl "180+1"]
[EndTime "10:04:29 PDT"]
[Termination "tptagain won on time"]

1. Nf3 Nf6 2. d4 e6 3. Bg5 d5 4.
Nbd2 Nbd7 5. e3 Be7 6. Bd3 b6 7. c3 Bb7 8. Qb1 Qc8 9. Ne5 h6 10. Bxf6 gxf6 11. Nxd7 Qxd7 12. b4 a5 13. b5 f5 14. g3 O-O-O 15. Nf3 Bd6 16. Ke2 Kb8 17. a4 f6 18. Ra2 Qf7 19. Kd2 Qh5 20. Be2 Qe8 21.
Kc1 Bc8 22. Nh4 Qd7 23. Bd3 Rhg8 24. Kb2 Rg4 25. f4 Qf7 26. Ka1 Rxh4 27. gxh4 Qh5 28. Qe1 e5 29. Rg1 exf4 30. exf4 Bxf4 31. Qe2 Qxh4 32.
Qf3 Bg5 33. Bxf5 Bxf5 34. Qxf5 Qh5 35. Qe6 Qe8 36. Qxe8 Rxe8 37. Rag2 Re3 38. Kb2 h5 39. Kc2 h4 40. Rf1 Kb7 41. Rgf2 Re4 42. Rd1 Re3 43. Rd3 Re1 44. Rdf3 Rc1+ 45. Kb2 Re1 46. Rf5 Re3 47. Rxd5 h3 48. Rdf5 Bh4 49. Rc2 Kc8 50. Kb3 Bg5 51. Kc4 Re1 52. Rf3 Ra1 53. Kb3 Rb1+ 54. Rb2 Rc1 55. Rxh3 Kd7 56. Rc2 Rb1+ 57. Rb2 Ra1 58. Re2 Rb1+ 59. Kc4 Ra1 60. Kd5 Rxa4 61. Rh7+ Kc8 62.
Re8+ Kb7 63. Rhh8 1-0

[Event "Early-Titled-Tuesday-Blitz-August-29-2023"]
[Site "Chess.com"]
[Date "2023.08.29"]
[Round "11"]
[White "GianmarcoVaR"]
[Black "mapleaff"]
[Result "1-0"]
[WhiteElo "2746"]
[BlackElo "2332"]
[TimeControl "180+1"]
[EndTime "10:04:30 PDT"]
[Termination "GianmarcoVaR won by resignation"]

1. e4 e5 2. Nf3 Nc6 3. Bc4 Bc5 4.
O-O Nf6 5. d3 h6 6. c3 d6 7. Re1 a6 8. Bb3 O-O 9. h3 Ba7 10. Nbd2 Ne7 11. Nf1 Ng6 12. Ng3 Be6 13. d4 Re8 14. Be3 d5 15. Nxe5 Nxe5 16. dxe5 Nxe4 17.
Nxe4 dxe4 18. Bxa7 Rxa7 19. Bxe6 fxe6 20. Rxe4 Ra8 21. Rd4 Qg5 22. Qe2 Rad8 23. Rad1 Rxd4 24.
Rxd4 Re7 25. Rd8+ Kf7 26. Qf3+ Kg6 27. Qe4+ Qf5 28. Qe3 Rf7 29. Rd2 Qb1+ 30. Kh2 Kh7 31. a4 Qf5 32. a5 h5 33. g3 Qg6 34. h4 Qf5 35. Kg2 Qg6 36. Rd4 Qf5 37. Rf4 Qg6 38. Qe4 Qxe4+ 39. Rxe4 Kg6 40. Rd4 Kf5 41. Rf4+ Kg6 42.
Rxf7 Kxf7 43. Kf3 g5 44. hxg5 Kg6 45. Kf4 b6 46. b4 b5 47. Ke4 Kxg5 48. f3 h4 49.
gxh4+ Kxh4 50. Kf4 Kh5 51. Kg3 Kg5 52. f4+ Kg6 53. Kg4 Kh6 54. f5 exf5+ 55. Kxf5 c5 56. Ke6 cxb4 57. cxb4 Kg7 58. Kd6 Kf7 59. Kd7 Kf8 60.
e6 1-0

[Event "Early-Titled-Tuesday-Blitz-August-29-2023"]
[Site "Chess.com"]
[Date "2023.08.29"]
[Round "11"]
[White "Jospem"]
[Black "krzyzan94"]
[Result "1-0"]
[WhiteElo "3055"]
[BlackElo "2809"]
[TimeControl "180+1"]
[EndTime "10:04:31 PDT"]
[Termination "Jospem won by checkmate"]

1. a3 d5 2. e3 e5 3. Nf3 Bd6 4. d4 e4 5. Nfd2 c6 6. c4 Ne7 7. Nc3 O-O 8. b4 Re8 9. Bb2 Nd7 10. Be2 Nf6 11. h3 Ng6 12. g3 a5 13. b5 Bd7 14.
Qb3 dxc4 15. Bxc4 Qe7 16. bxc6 bxc6 17. Qa2 h5 18. O-O-O Reb8 19. g4 Bb4 20. gxh5 Nh4 21. h6 g6 22. Rhg1 Bxc3 23. Bxc3 Nd5 24. Bb2 Kh7 25. Qb1 Bf5 26. Qc2 Rb6 27. Ba2 Rab8 28.
Nc4 Rb5 29. Ba1 Nf3 30. Rg3 Nb6 31. Qc3 Nxc4 32. Bxc4 Rb1+ 33. Kc2 Rxd1 34. Kxd1 Rb1+ 35. Kc2 Rh1 36. d5 f6 37. Qxf6 Qxf6 38. Bxf6 cxd5 39. Bxd5 Rf1 40. Kc3 Rxf2 41. Kc4 Rc2+ 42. Kb5 Re2 43. Kxa5 Rxe3 44. a4 Rd3 45. Bc4 Rd6 46. Bg7 Nd2 47. Bb5 Re6 48. Re3 Nf3 49. Kb4 Ne5 50. Bxe5 Rxe5 51.
a5 Kxh6 52. a6 Bc8 53. a7 Bb7 54. Rc3 e3 55. Rc7 Bg2 56. Be2 Kg5 57. Rc4 Rf5 58. Rg4+ Kh6 59. Rxg2 Rf8 60. Bf3 Rf4+ 61. Kb5 Rf5+ 62.
Kb6 Rf6+ 63. Bc6 Rf2 64. Rxf2 exf2 65. Bg2 Kg5 66. Bf1 Kh4 67. a8=Q Kg3 68. Qg2+ Kh4 69. Qxf2+ Kh5 70. Qf6 g5 71. Be2+ Kh4 72. Qf3 g4 73.
Qxg4# 1-0

[Event "Early-Titled-Tuesday-Blitz-August-29-2023"]
[Site "Chess.com"]
[Date "2023.08.29"]
[Round "11"]
[White "rasmussvane"]
[Black "artin10862"]
[Result "1-0"]
[WhiteElo "2982"]
[BlackElo "2828"]
[TimeControl "180+1"]
[EndTime "10:04:33 PDT"]
[Termination "rasmussvane won by checkmate"]

1. Nf3 Nf6 2. g3 g6 3. Bg2 Bg7 4. O-O O-O 5. d4 d5 6. c4 dxc4 7. Na3 a5 8. Nxc4 a4 9. Bf4 Be6 10. Qc2 Bd5 11. Rfd1 Nc6 12. Be5 Re8 13. Ne3 Be4 14.
Qc4 Nd5 15. Bxg7 Kxg7 16. Nxd5 Qxd5 17. Qxd5 Bxd5 18. a3 Red8 19. e3 Rd7 20. Rac1 Rad8 21. Rc3 f6 22. Rdc1 e5 23. dxe5 fxe5 24. Ng5 Kf6 25.
Bxd5 Rxd5 26. Ne4+ Ke7 27. Nc5 Rd1+ 28. Kg2 Rxc1 29.
Rxc1 Na5 30. Nxa4 c6 31. Nc5 b6 32. b4 bxc5 33. bxa5 Ra8 34. Rxc5 Kd6 35. Rc3 Rxa5 36. Kf3 Kd5 37. e4+ Kd6 38. h4 Rb5 39. a4 Rb4 40.
Ra3 c5 41. a5 c4 42. a6 Rb3+ 43. Rxb3 cxb3 44. a7 b2 45. a8=Q b1=Q 46. Qd5+ Ke7 47. Qxe5+ Kf7 48. Qc7+ Kg8 49. Qd8+ Kf7 50. Qd7+ Kg8 51.
Qd5+ Kg7 52. Qd4+ Kf7 53. Qc4+ Kg7 54. Kf4 Qe1 55. Qd4+ Kf7 56. Kg5 Qc1+ 57. f4 Qc8 58. Qf6+ Kg8 59. Kh6 Qd7 60. e5 Qb7 61. e6 Qf3 62.
Qf7+ Kh8 63. Qf8# 1-0

[Event "Early-Titled-Tuesday-Blitz-August-29-2023"]
[Site "Chess.com"]
[Date "2023.08.29"]
[Round "11"]
[White "cottage_cheese"]
[Black "Gyulamiryan-koryun"]
[Result "0-1"]
[WhiteElo "2272"]
[BlackElo "2093"]
[TimeControl "180+1"]
[EndTime "10:04:35 PDT"]
[Termination "Gyulamiryan-koryun won by checkmate"]

1. e4 c5 2. Nf3 d6 3. d4 cxd4 4. Nxd4 Nf6 5. Nc3 a6 6. h3 e6 7. g4 d5 8. exd5 Nxd5 9. Bg2 Nxc3 10. bxc3 Be7 11. O-O O-O 12. Rb1 Qc7 13. Qf3 Nd7 14.
Bf4 Qa5 15. Rfe1 Bf6 16. g5 Bxg5 17. Bd6 Re8 18. Nb3 Qxa2 19. Qh5 Bf6 20. Be4 g6 21. Qf3 Bg7 22. Ra1 Qb2 23. Bxb7 Bxb7 24. Qxb7 Nf6 25. Be5 Nd5 26. Bxg7 Kxg7 27. Qc6 Qxc3 28. Qxc3+ Nxc3 29. Nc5 a5 30. Re3 Nd5 31. Rea3 Nb4 32. Rxa5 Rxa5 33. Rxa5 Nxc2 34. Ra7 Nd4 35. Kg2 h5 36. Kg3 Nf5+ 37. Kf4 Kf6 38. f3 g5+ 39. Ke4 Nd6+ 40. Ke3 Nc4+ 41. Kf2 Ne5 42. Ne4+ Kg6 43. Ra5 f6 44. Ra6 Re7 45. Nc5 Kf7 46. Ne4 h4 47. Nxg5+ fxg5 48. Ra5 Kf6 49. Ra4 Rd7 50. Re4 Kf5 51. Re2 Rd3 52. Kg2 Rxf3 53. Rxe5+ Kxe5 54. Kxf3 Kf5 55. Ke3 e5 56. Kf3 e4+ 57. Ke3 Ke5 58. Kf2 Kf4 59. Ke2 e3 60. Ke1 Kg3 61. Ke2 Kxh3 62. Kxe3 Kg2 63. Ke4 h3 64. Kf5 h2 65. Kg4 h1=Q 66.
Kxg5 Qf1 67. Kg4 Kf2 68. Kh4 Ke3 69. Kg4 Ke4 70. Kg5 Qf4+ 71. Kg6 Ke5 72. Kg7 Qf6+ 73. Kg8 Qe7 74. Kh8 Kf6 75. Kg8 Qg7# 0-1

[Event "Early-Titled-Tuesday-Blitz-August-29-2023"]
[Site "Chess.com"]
[Date "2023.08.29"]
[Round "11"]
[White "Shuvalov"]
[Black "CFalcons8"]
[Result "1-0"]
[WhiteElo "2476"]
[BlackElo "2247"]
[TimeControl "180+1"]
[EndTime "10:04:36 PDT"]
[Termination "Shuvalov won by resignation"]

1. d4 Nf6 2. c4 e6 3. Nc3 Bb4 4. e3 d5 5. a3 Bxc3+ 6. bxc3 dxc4 7. Bxc4 Nbd7 8. Nf3 a6 9. a4 O-O 10. O-O Re8 11. Qb3 Nb6 12. Be2 Bd7 13. a5 Nc8 14.
Qxb7 Nd6 15. Qb1 Rb8 16. Qc2 Bb5 17. c4 Bc6 18. Ne5 Be4 19. Bd3 Bxd3 20. Qxd3 Qc8 21.
Ba3 Qb7 22. f3 Qb3 23. Rfd1 Rb7 24. c5 Qxd3 25. Rxd3 Nb5 26. Bc1 Nd5 27. Bd2 f6 28. Nc6 Ne7 29. Nb4 Ra8 30. e4 c6 31. Kf2 Rd7 32.
Be3 Rb7 33. Ra4 Nc7 34. Bf4 Rab8 35. Bxc7 Rxb4 36. Rxb4 Rxb4 37. Bd6 Nc8 38. Ke3 Na7 39. d5 exd5 40. exd5 cxd5 41. c6 Rc4 42. c7 Nb5 43. Rxd5 Nxc7 44. Bxc7 Rxc7 45. Rd6 Rc3+ 46. Kf4 Rc4+ 47.
Kg3 Ra4 48. Rxa6 Kf7 49. Ra7+ Kg6 50. a6 h5 51. h4 Kh6 52. Ra8 g5 53. hxg5+ fxg5 54. a7 Kg7 55. Kh3 Ra5 56. g3 Ra4 57. f4 gxf4 58. gxf4 Ra3+ 59. Kh2 h4 60. f5 Ra6 61.
f6+ Kf7 62. Rh8 Ra2+ 63. Kh3 Ra3+ 64. Kxh4 Ra4+ 65. Kg3 Ra3+ 66. Kf2 Ra2+ 67. Ke3 Ra3+ 68. Kd2 Ra2+ 69. Kc3 Ra3+ 70. Kb2 Rxa7 71. Rh7+ 1-0

[Event "Early-Titled-Tuesday-Blitz-August-29-2023"]
[Site "Chess.com"]
[Date "2023.08.29"]
[Round "11"]
[White "fabianvivasz"]
[Black "Apocalyps999"]
[Result "1/2-1/2"]
[WhiteElo "2423"]
[BlackElo "2327"]
[TimeControl "180+1"]
[EndTime "10:04:37 PDT"]
[Termination "Game drawn - insufficient material"]

1. e4 e5 2. Nf3 Nc6 3. Bc4 Nf6 4. d3 Bc5 5. c3 O-O 6. O-O d5 7. exd5 Nxd5 8. Re1 Nb6 9. Bb3 Bg4 10. h3 Bh5 11. Nbd2 Qxd3 12. Nxe5 Qf5 13. Nef3 Rfe8 14. g4 Bxg4 15.
hxg4 Qxg4+ 16. Kh1 Bxf2 17. Re2 Bg3 18. Qf1 Rxe2 19.
Qxe2 Ne5 20. Qg2 Qh5+ 21. Kg1 Bf4 22. Nxe5 Be3+ 23. Kf1 Qxe5 24. Nf3 Qb5+ 25. Qe2 Qxe2+ 26. Kxe2 Bxc1 27. Rxc1 c5 28. Kf2 h6 29. Re1 c4 30. Bc2 Kf8 31. Nd4 a6 32. Be4 Rb8 33. Bf3 Nd7 34. Bd5 Nc5 35. Bxc4 b5 36. Bf1 Na4 37. Re2 Rc8 38. Rc2 Nb6 39. b3 Nd5 40.
c4 Nf4 41. cxb5 Rxc2+ 42. Nxc2 axb5 43. Bxb5 Ne6 44. a4 Nc7 45. Bc4 Ke7 46. Ke3 Kd6 47.
Kd4 f6 48. Ne3 h5 49. Nf5+ Kd7 50. Nxg7 h4 51. Nh5 h3 52. Nxf6+ Kd8 53. Ng4 Ne8 54. Nh2 Nf6 55. a5 Kc7 56. Be6 Kb7 57. Bxh3 Ka6 58. b4 Kb5 59. Kc3 Nd5+ 60. Kb3 Nxb4 61. Nf3 Kxa5 62. Nd4 Na6 63. Kc4 Kb6 64. Kd5 Nc7+ 65. Kd6 Nb5+ 66. Nxb5 Kxb5 1/2-1/2

[Event "Early-Titled-Tuesday-Blitz-August-29-2023"]
[Site "Chess.com"]
[Date "2023.08.29"]
[Round "11"]
[White "jinbojinbo"]
[Black "vi_pranav"]
[Result "0-1"]
[WhiteElo "2684"]
[BlackElo "2977"]
[TimeControl "180+1"]
[EndTime "10:04:39 PDT"]
[Termination "vi_pranav won on time"]

1. e4 c6 2. d4 d5 3. e5 Bf5 4.
h4 h5 5. Bd3 Bxd3 6. Qxd3 Qa5+ 7. Nd2 e6 8. Nf3 Nh6 9. O-O Nf5 10. Nb3 Qd8 11. Bg5 Be7 12. g3 Nd7 13. Rfe1 Qb6 14.
a4 a5 15. Kg2 Qa6 16. Qd1 Qb6 17. c3 Nf8 18. Rb1 Ng6 19. Nbd2 Qd8 20. Qc2 Bxg5 21. hxg5 h4 22. Rh1 hxg3 23. Rxh8+ Nxh8 24. Nf1 gxf2 25.
Kxf2 Ng6 26. Ne3 Nfh4 27. Nxh4 Nxh4 28. Qh7 Ng6 29. Qxg7 Qe7 30. Qf6 Kd7 31. Rh1 Rg8 32.
Rh7 Ke8 33. Ng4 Nf8 34. Rh4 Rxg5 35. Qxe7+ Kxe7 36. Nf6 Ng6 37. Rh7 c5 38. Ke3 cxd4+ 39. cxd4 Rg1 40. Rg7 Rh1 41. Rg8 Rh8 42. Rxh8 Nxh8 43.
Kf4 Ng6+ 44. Kg5 Kf8 45. Nd7+ Ke7 46. Nf6 Nf8 47. Ng8+ Ke8 48. Kf6 Nh7+ 49. Kg7 Ng5 50. Nf6+ Kd8 51. Kf8 Nf3 52. Kxf7 Nxd4 53. Ng4 Kd7 54.
Nf6+ Kc6 55. Ke7 b5 56. axb5+ Kxb5 57. Kd6 Kb4 58. Nxd5+ exd5 59. Kxd5 Nf5 60. Kc6 a4 61. Kb6 Nd4 62. Ka6 Kb3 63. Ka5 Nc6+ 64. Kb5 Nxe5 65. Ka5 Nd3 66. Kb5 Nxb2 0-1